[Event "Late-Titled-Tuesday-Blitz-July-09-2024"]
[Site "Chess.com"]
[Date "2024.07.09"]
[Round "8"]
[White "Gzucaritas"]
[Black "Kostukov_Alex"]
[Result "0-1"]
[WhiteElo "2073"]
[BlackElo "2333"]
[TimeControl "180+1"]
[EndTime "15:27:13 PDT"]
[Termination "Kostukov_Alex won on time"]

1. e4 c5 2. Nf3 g6 3. c3 Bg7 4. d4 cxd4 5. cxd4 d5 6. e5 Bg4 7. Be2 Nc6 8. O-O Nh6 9. h3 Bxf3 10. Bxf3 Nf5 11. Be3 O-O 12. Nc3 e6 13. Rc1 f6 14.
Re1 fxe5 15. dxe5 d4 16. Bxc6 bxc6 17. Bf4 dxc3 18. Qb3 Nd4 19. Qxc3 Rxf4 20. Re3 Qd5 21. Rce1 Raf8 22. f3 c5 23. b3 h5 24. Qd3 Kh7 25.
Qb1 R4f5 26. b4 c4 27. Rd1 Bxe5 28. Qc1 c3 0-1

[Event "Late-Titled-Tuesday-Blitz-July-09-2024"]
[Site "Chess.com"]
[Date "2024.07.09"]
[Round "8"]
[White "Boundless_Strike"]
[Black "legendisback1"]
[Result "0-1"]
[WhiteElo "2812"]
[BlackElo "3027"]
[TimeControl "180+1"]
[EndTime "15:27:16 PDT"]
[Termination "legendisback1 won on time"]

1. d4 g6 2. h4 Bg7 3. h5 d5 4.
h6 Bf6 5. Nc3 Nc6 6. Nf3 Bg4 7.
e3 e6 8. Be2 Nge7 9. Nd2 Bxe2 10. Qxe2 O-O 11. Nf3 e5 12. dxe5 Nxe5 13. Nxe5 Bxe5 14.
Bd2 Re8 15. O-O-O c6 16. g4 Qb6 17. f4 Bh8 18. Qf3 Qa6 19. Kb1 f5 20. gxf5 Nxf5 21.
e4 dxe4 22. Nxe4 Qb5 23. Bc3 Rxe4 24. Bxh8 Re3 25. Qf2 Kxh8 26. Rd7 Rae8 27. a3 Re2 28. Qf3 Qc4 29. Rc1 Kg8 30. a4 R2e7 31. Rd2 Re1 32.
Rdd1 Rxd1 33. Rxd1 Ne3 0-1

[Event "Late-Titled-Tuesday-Blitz-July-09-2024"]
[Site "Chess.com"]
[Date "2024.07.09"]
[Round "8"]
[White "Jospem"]
[Black "saikrishnaReturns"]
[Result "1-0"]
[WhiteElo "3095"]
[BlackElo "2788"]
[TimeControl "180+1"]
[EndTime "15:27:16 PDT"]
[Termination "Jospem won by checkmate"]

1. e4 e5 2. Nf3 Nc6 3. Nc3 Nf6 4.
h3 Bb4 5. a3 Bxc3 6. dxc3 O-O 7.
Bg5 h6 8. Bh4 g5 9. Nxg5 hxg5 10.
Bxg5 Kg7 11. Bd3 Qe8 12. Qd2 Rh8 13. O-O-O d6 14. Rdf1 Qe6 15. Kb1 Nh7 16. Be3 Na5 17. f4 Nc4 18. Qf2 Nxe3 19. Qxe3 exf4 20. Rxf4 Nf8 21. Rhf1 Ng6 22. Qd4+ Ne5 23. b3 c5 24. Rxf7+ Qxf7 25. Rxf7+ Kxf7 26. Qxd6 Re8 27. Qxc5 Bd7 28. Be2 Re6 29. Qf2+ Ke7 30. h4 Bc6 31. h5 Rf8 32. Qc5+ Ke8 33. h6 Nd7 34. Bh5+ Kd8 35. Qg5+ Kc7 36. h7 Nf6 37. Qg7+ Nd7 38. Qxf8 Nxf8 39. h8=Q Nd7 40. Bf3 Bxe4 41. Qh2+ Kc6 42. Qh3 Re7 43.
Qh4 Bxf3 44. Qxe7 Bxg2 45. Qe6+ Kc7 46. Qg4 Bc6 47. Qf4+ Kc8 48. c4 Kd8 49. b4 a6 50.
Qg5+ Kc8 51. b5 axb5 52. cxb5 Be4 53. Qe7 Bd5 54. Qd6 Be4 55. a4 Kd8 56. a5 Ke8 57. Kb2 Kd8 58. c4 Kc8 59. Kc3 Kd8 60. Kb4 Kc8 61. Qe7 Bf3 62. b6 Nb8 63. Qe8# 1-0

[Event "Late-Titled-Tuesday-Blitz-July-09-2024"]
[Site "Chess.com"]
[Date "2024.07.09"]
[Round "8"]
[White "Seppppppy"]
[Black "subham777"]
[Result "0-1"]
[WhiteElo "2314"]
[BlackElo "2569"]
[TimeControl "180+1"]
[EndTime "15:27:17 PDT"]
[Termination "subham777 won by resignation"]

1. e4 e6 2. d4 d5 3. e5 c5 4. c3 Nc6 5. Nf3 Qb6 6. Be2 cxd4 7. cxd4 Bd7 8. Nc3 Nge7 9. O-O Nf5 10. Na4 Qd8 11.
a3 Be7 12. b4 b6 13. Bb2 O-O 14. Bd3 g6 15. Qd2 Ncxd4 16. Nxd4 Bxa4 17. Nxf5 gxf5 18. f4 Kh8 19. Rf3 Rg8 20. Rh3 Rg7 21. Rf1 Qd7 22.
Rff3 Bb5 23. Rfg3 Rag8 24. Qe2 Bxd3 25. Qxd3 a5 26. b5 Qc7 27. Qc3 Qxc3 28. Bxc3 Rxg3 29. hxg3 Bxa3 30. Rh6 Rxg3 31. Bd4 Bc5 32. Bxc5 bxc5 33. Rh3 Rg8 34. Ra3 c4 35. Kf2 d4 36. Rxa5 c3 37.
Ke2 Rxg2+ 38. Kd3 Rd2+ 39. Kc4 c2 40. Ra1 Rd1 0-1

[Event "Late-Titled-Tuesday-Blitz-July-09-2024"]
[Site "Chess.com"]
[Date "2024.07.09"]
[Round "8"]
[White "Hirna2005"]
[Black "anderson2361"]
[Result "1-0"]
[WhiteElo "2425"]
[BlackElo "2284"]
[TimeControl "180+1"]
[EndTime "15:27:18 PDT"]
[Termination "Hirna2005 won by checkmate"]

1. e4 c5 2. Nf3 Nf6 3. e5 Nd5 4. c3 Nc6 5. Bc4 Nb6 6. Bb3 d5 7. exd6 Qxd6 8. O-O Be6 9. Na3 a6 10. Re1 Bxb3 11. axb3 Qd3 12. Re3 Qd7 13. Nc2 e6 14. d4 cxd4 15. Nfxd4 Nd5 16. Re1 Be7 17. Nxc6 Qxc6 18.
Ra4 O-O 19. Rg4 Rad8 20. Qf3 Qd7 21. Bh6 Bf6 22. c4 Kh8 23. cxd5 exd5 24. Be3 Rfe8 25.
Bd4 Rxe1+ 26. Nxe1 h5 27. Rf4 Qe6 28. Nd3 Rc8 29.
Qxh5+ Kg8 30. g3 g6 31. Qf3 Bg5 32. Rg4 Be7 33. Kg2 Rc2 34. Bc3 b5 35. b4 Kh7 36.
Nf4 Qf5 37. Nxd5 Qxf3+ 38. Kxf3 Bd6 39. Rh4+ Kg8 40. Rh8# 1-0

[Event "Late-Titled-Tuesday-Blitz-July-09-2024"]
[Site "Chess.com"]
[Date "2024.07.09"]
[Round "8"]
[White "Sek_Konstantin"]
[Black "FabianoCaruana"]
[Result "0-1"]
[WhiteElo "2750"]
[BlackElo "3170"]
[TimeControl "180+1"]
[EndTime "15:27:19 PDT"]
[Termination "FabianoCaruana won by resignation"]

1. e4 c5 2. Nf3 e6 3. g3 Nc6 4. Bg2 Nf6 5. d3 d5 6. Qe2 Be7 7. O-O b5 8. e5 Nd7 9. c4 bxc4 10. dxc4 Nb6 11. cxd5 exd5 12. Nc3 O-O 13. Rd1 Be6 14. Bf4 h6 15. Rac1 Rc8 16. Ne4 Nd7 17. Nd6 Bxd6 18. exd6 Re8 19. Qb5 Qb6 20. Qxb6 axb6 21. h3 g5 22. Be3 d4 23. Bd2 Bxa2 24. h4 f6 25. Nh2 Nce5 26. f4 Nd3 27. Ng4 Nxc1 28. Rxc1 gxh4 29.
Nxh6+ Kh7 30. Bh3 Be6 31. f5 Bd5 32. Bf4 hxg3 33. Ng4 Re2 34. Bxg3 Rg8 35. Kf1 Rxb2 36. Re1 Rg7 37. Re7 Bc4+ 38. Kg1 Rxe7 39. dxe7 Bf7 40.
Bg2 d3 0-1

[Event "Late-Titled-Tuesday-Blitz-July-09-2024"]
[Site "Chess.com"]
[Date "2024.07.09"]
[Round "8"]
[White "scandalgod"]
[Black "XDPS"]
[Result "1-0"]
[WhiteElo "2678"]
[BlackElo "2867"]
[TimeControl "180+1"]
[EndTime "15:27:19 PDT"]
[Termination "scandalgod won by resignation"]

1. d4 g6 2. c4 Bg7 3. Nc3 d6 4. e4 Nd7 5. Bg5 h6 6. Bh4 g5 7. Bg3 c5 8. d5 h5 9. h4 g4 10. Bd3 a6 11. Nge2 b5 12. Qd2 bxc4 13. Bxc4 Rb8 14. O-O Ngf6 15. Rae1 Qa5 16. e5 dxe5 17. Nc1 Bh6 18. Qc2 Kf8 19. Nd3 e4 20. Nxe4 Nxe4 21. Rxe4 Nf6 22. Rxe7 Kxe7 23. Bxb8 Bf5 24.
d6+ Kf8 25. Bc7 Bxd3 26. Qxd3 Qb4 27. b3 Bf4 28. Qf5 Kg7 29. Qxf4 Rh6 30. d7 Nxd7 31. Qxf7+ 1-0

[Event "Late-Titled-Tuesday-Blitz-July-09-2024"]
[Site "Chess.com"]
[Date "2024.07.09"]
[Round "8"]
[White "CapivaraBondoso"]
[Black "NovakRatko"]
[Result "0-1"]
[WhiteElo "2058"]
[BlackElo "2347"]
[TimeControl "180+1"]
[EndTime "15:27:19 PDT"]
[Termination "NovakRatko won on time"]

1. e4 d5 2. exd5 c6 3. dxc6 Nxc6 4. Nf3 e5 5. Bb5 e4 6. Qe2 Qe7 7. Nd4 Bd7 8. Nxc6 bxc6 9. Ba4 f5 10. O-O Nf6 11.
d3 e3 12. Qxe3 Nd5 13. Qf3 Qf6 14. Re1+ Be7 15. Bb3 Be6 16. Nc3 Rd8 17. Bg5 Qxg5 18. Rxe6 O-O 19. Rae1 Bf6 20. Nxd5 cxd5 21. Bxd5 Kh8 22. c3 f4 23. Bb3 Qf5 24. d4 Rb8 25. Qe4 Qg5 26. Qf3 a5 27. R1e2 Qb5 28. Qxf4 a4 29.
Bd1 a3 30. b3 Qd3 31. Qd2 Qb1 32. Qc2 Qa1 33. Re1 Rbc8 34. c4 Qxd4 35. Bf3 Bh4 36. Qe2 Bf6 37. g3 Qb2 38. Qxb2 axb2 39. Bd5 h5 40. Be4 g6 41. h4 Bxh4 0-1

[Event "Late-Titled-Tuesday-Blitz-July-09-2024"]
[Site "Chess.com"]
[Date "2024.07.09"]
[Round "8"]
[White "ValeriyGrinev"]
[Black "artin10862"]
[Result "1-0"]
[WhiteElo "2703"]
[BlackElo "2919"]
[TimeControl "180+1"]
[EndTime "15:27:24 PDT"]
[Termination "ValeriyGrinev won on time"]

1. d4 e6 2. c4 Bb4+ 3. Nd2 d5 4.
Nf3 Nf6 5. e3 O-O 6. Bd3 b6 7.
O-O Bb7 8. Qe2 Nbd7 9. b3 c5 10. Bb2 cxd4 11. exd4 Bd6 12. Ne5 Rc8 13. Ndf3 Ne4 14.
Rac1 Ndf6 15. Rfd1 Bb8 16. Qe3 Nd6 17. h3 Nf5 18.
Qf4 Ne4 19. g4 g5 20. Qh2 Ng7 21. c5 f6 22. c6 Ba8 23. Ba6 fxe5 24. Nxe5 Rxf2 25.
Qh1 Rxb2 26. Bxc8 Bxe5 27. dxe5 Qxc8 28. c7 Ng3 29. Qf3 Ne2+ 30. Kh1 Nf4 31. Qc3 d4+ 32. Kg1 dxc3 33. Rd8+ Kf7 34. Rxc8 Nxh3+ 35. Kf1 Bg2+ 36. Ke1 Bf3 37. Rf8+ Kxf8 38. c8=Q+ Kf7 39. Qxc3 Re2+ 40. Kf1 Bxg4 41. Qc8 Rf2+ 42. Ke1 Re2+ 43. Kf1 Kg6 44. Rc7 Nf4 45. Qd7 Nfh5 46. Qd3+ 1-0

[Event "Late-Titled-Tuesday-Blitz-July-09-2024"]
[Site "Chess.com"]
[Date "2024.07.09"]
[Round "8"]
[White "Msb2"]
[Black "mbojan"]
[Result "1-0"]
[WhiteElo "3094"]
[BlackElo "2920"]
[TimeControl "180+1"]
[EndTime "15:27:25 PDT"]
[Termination "Msb2 won by resignation"]

1. d4 Nf6 2. c4 e6 3. Nc3 d5 4. cxd5 exd5 5. Bg5 Be7 6. e3 h6 7. Bf4 O-O 8. Bd3 c5 9. Nf3 Nc6 10. O-O cxd4 11. Nxd4 Nxd4 12. exd4 Qb6 13. Nb5 Be6 14.
a4 Ne8 15. a5 Qd8 16. a6 b6 17. Rc1 Bd6 18. Qf3 Bxf4 19. Qxf4 Bc8 20. Nc7 Nxc7 21.
Rxc7 Be6 22. Rfc1 Qg5 23. Qxg5 hxg5 24. Re7 Rfe8 25. Rcc7 Rxe7 26. Rxe7 g6 27. h3 Kg7 28. Rc7 Kf6 29. Kh2 Kg7 30. Kg3 Kf6 31. f4 gxf4+ 32. Kxf4 Bc8 33. h4 Be6 34. g4 Kg7 35. g5 Rh8 36. Rxa7 Rxh4+ 37. Ke5 Rh1 38. Rb7 Re1+ 39. Kd6 Rd1 40. Rxb6 Bc8 41. a7 Ra1 42. Ba6 1-0

[Event "Late-Titled-Tuesday-Blitz-July-09-2024"]
[Site "Chess.com"]
[Date "2024.07.09"]
[Round "8"]
[White "Zq1"]
[Black "Nekoo04"]
[Result "0-1"]
[WhiteElo "2577"]
[BlackElo "2425"]
[TimeControl "180+1"]
[EndTime "15:27:25 PDT"]
[Termination "Nekoo04 won on time"]

1. d4 d5 2. c4 dxc4 3. Nf3 Nf6 4. e3 Bg4 5. Bxc4 e6 6. h3 Bh5 7. O-O a6 8. Be2 Nc6 9. Nc3 Bd6 10. Qb3 Rb8 11. Rd1 O-O 12. e4 Bxf3 13. Bxf3 e5 14.
dxe5 Nxe5 15. Be2 Qe7 16. f4 Nc6 17. e5 Bc5+ 18. Kh1 Nd7 19. Nd5 Qh4 20. Bg4 Nb6 21. Qc3 h5 22. Bf3 Nxd5 23. Rxd5 Bb6 24. Be3 Ne7 25. Rd7 Nf5 26. Bxb6 cxb6 27. Qd2 Rfd8 28. Rd1 Rxd7 29. Qxd7 Qxf4 30. Qc7 Re8 31. Rd8 Rxd8 32. Qxd8+ Kh7 33. Qd3 g6 34. Bxb7 h4 0-1

[Event "Late-Titled-Tuesday-Blitz-July-09-2024"]
[Site "Chess.com"]
[Date "2024.07.09"]
[Round "8"]
[White "Itay121"]
[Black "mac0504"]
[Result "0-1"]
[WhiteElo "2533"]
[BlackElo "2764"]
[TimeControl "180+1"]
[EndTime "15:27:30 PDT"]
[Termination "mac0504 won on time"]

1. e4 Nc6 2. d4 d5 3. e5 Bf5 4. Nf3 Qd7 5. Bb5 a6 6. Ba4 b5 7. Bb3 Na5 8. O-O e6 9. c3 Nxb3 10. axb3 h6 11. Re1 Ne7 12. Nbd2 Nc6 13. Nf1 Be7 14. Ng3 Bg6 15. h4 O-O 16. h5 Bh7 17.
Nh2 a5 18. Ng4 Kh8 19. Qf3 b4 20. Bxh6 gxh6 21. Nf6 Qd8 22. Qf4 Bxf6 23. exf6 Rg8 24. Qxh6 Qd6 25. Re3 bxc3 26. bxc3 Rab8 27. Rae1 Rg4 28.
Nf5 Qf4 29. f3 Rg5 30. Kf1 Qxf5 0-1

[Event "Late-Titled-Tuesday-Blitz-July-09-2024"]
[Site "Chess.com"]
[Date "2024.07.09"]
[Round "8"]
[White "AlphaPerseii"]
[Black "MaxLeto"]
[Result "1-0"]
[WhiteElo "2390"]
[BlackElo "2461"]
[TimeControl "180+1"]
[EndTime "15:27:30 PDT"]
[Termination "AlphaPerseii won on time"]

1. d4 h5 2. e4 h4 3. h3 d6 4. Nf3 e6 5. e5 Nc6 6. Bb5 a6 7. Bd3 dxe5 8. dxe5 Nb4 9. Nc3 Nxd3+ 10. cxd3 b6 11. Qe2 Bb7 12. Bf4 Nh6 13. Bxh6 Rxh6 14.
O-O-O Bb4 15. Ne4 Qd5 16. Kb1 Qa5 17. Rc1 O-O-O 18. Rc2 Bd5 19. a3 Bb3 20. Rcc1 Be7 21. Rc3 Bd5 22. Rhc1 Rd7 23. Qc2 Bd8 24. b4 Qb5 25. Nd4 Bxe4 26. Nxb5 axb5 27. dxe4 Rg6 28. f3 Rg3 29. Rd1 Rxd1+ 30. Qxd1 Bg5 31. Qc2 Bd8 32.
Rd3 Rg5 33. Qb2 1-0

[Event "Late-Titled-Tuesday-Blitz-July-09-2024"]
[Site "Chess.com"]
[Date "2024.07.09"]
[Round "8"]
[White "norwaytoadog"]
[Black "Slovineanu"]
[Result "1-0"]
[WhiteElo "2361"]
[BlackElo "2515"]
[TimeControl "180+1"]
[EndTime "15:27:33 PDT"]
[Termination "norwaytoadog won by checkmate"]

1. e4 c6 2. d4 d5 3. e5 Bf5 4. Nf3 e6 5. Be2 Nd7 6. O-O a6 7. a4 h6 8. Nbd2 Ne7 9. Nb3 Rc8 10. Be3 Qc7 11. c4 dxc4 12. Bxc4 Nb6 13. Qe2 Bg4 14.
Bd3 Nbd5 15. h3 Bxf3 16. gxf3 Nb4 17. Be4 Ned5 18. a5 Be7 19. Rac1 Qd8 20. f4 g6 21.
Kh2 O-O 22. Rg1 Kh7 23. Rg2 Rg8 24. Qf3 Bh4 25. Rg4 Be7 26. Rcg1 Qe8 27. f5 exf5 28. Bxf5 Nxe3 29. fxe3 Rd8 30. e6 Bg5 31. exf7 Qxf7 32. Rxg5 hxg5 33. Qh5+ Kg7 34. Bxg6 Qf2+ 35.
Rg2 Qxe3 36. Qh7+ Kf6 37. Qf7# 1-0

[Event "Late-Titled-Tuesday-Blitz-July-09-2024"]
[Site "Chess.com"]
[Date "2024.07.09"]
[Round "8"]
[White "Snowball-03"]
[Black "Jahonas"]
[Result "1-0"]
[WhiteElo "2608"]
[BlackElo "2435"]
[TimeControl "180+1"]
[EndTime "15:27:38 PDT"]
[Termination "Snowball-03 won by checkmate"]

1. Nf3 d5 2. e3 Nf6 3. b3 g6 4.
Bb2 Bg7 5. c4 O-O 6. cxd5 Nxd5 7. Bxg7 Kxg7 8. Qc2 Nc6 9. a3 e6 10. Be2 Qf6 11. Ra2 Bd7 12. O-O Rfc8 13. Rd1 a5 14. d4 b6 15. Nbd2 h5 16. Nc4 Nde7 17. Nce5 Be8 18. Qd2 Na7 19. Rc2 c6 20. Qe1 Rc7 21.
Nd2 Nd5 22. Bf3 Rac8 23. Qe2 Nb5 24. Ne4 Qe7 25. a4 Nd6 26. Nd2 Nb4 27. Rcc1 c5 28. dxc5 Rxc5 29. Rxc5 Rxc5 30. Ndc4 Nxc4 31. Nxc4 Nd5 32.
Qb2+ Kg8 33. h3 Qc7 34. Be2 b5 35. axb5 Bxb5 36. g3 Bxc4 37. bxc4 Nb4 38. Qf6 Nc6 39. Bf3 Qe5 40. Qh4 Kg7 41. g4 Qf6 42. Qg3 hxg4 43.
hxg4 Ne5 44. Be2 g5 45. Kg2 Nxc4 46. Rh1 Qe5 47. Qh3 Qe4+ 48. Bf3 Qg6 49. Qh8# 1-0

[Event "Late-Titled-Tuesday-Blitz-July-09-2024"]
[Site "Chess.com"]
[Date "2024.07.09"]
[Round "8"]
[White "TigrVShlyape"]
[Black "Individoom"]
[Result "1-0"]
[WhiteElo "2972"]
[BlackElo "2756"]
[TimeControl "180+1"]
[EndTime "15:27:40 PDT"]
[Termination "TigrVShlyape won by resignation"]

1. e4 c5 2. Nf3 e6 3. d4 cxd4 4. Nxd4 a6 5. Nc3 Qc7 6. Qf3 Nf6 7. Qg3 d6 8. Bd3 b5 9. a3 Bb7 10. O-O Nc6 11. Nxc6 Bxc6 12. Bd2 Be7 13. Qxg7 Rg8 14. Qh6 d5 15. exd5 Nxd5 16. Nxd5 Bxd5 17. f3 O-O-O 18.
Kh1 Bd6 19. a4 b4 20. Bxa6+ Kb8 21. Bd3 Be5 22. Qh4 Ka8 23. Qxb4 Bxh2 24. Qa5+ Kb8 25.
Qxc7+ Bxc7 26. Be3 h5 27. Rad1 h4 28. Be4 h3 29. g4 f5 30. Bxd5 exd5 31. gxf5 Rde8 32.
Bc5 Rg2 33. Rf2 Re2 34. Rxe2 Rxe2 35. Bg1 h2 36. Bd4 Rxc2 37. f6 Bd6 38. f7 Rc7 39. Be5 1-0

[Event "Late-Titled-Tuesday-Blitz-July-09-2024"]
[Site "Chess.com"]
[Date "2024.07.09"]
[Round "8"]
[White "1g60-1"]
[Black "rhungaski"]
[Result "1/2-1/2"]
[WhiteElo "2483"]
[BlackElo "2632"]
[TimeControl "180+1"]
[EndTime "15:27:40 PDT"]
[Termination "Game drawn by repetition"]

1. e4 e6 2. d4 d5 3. Nd2 c5 4.
exd5 exd5 5. Ngf3 a6 6. dxc5 Bxc5 7. Nb3 Bb6 8. Bd3 Nf6 9. O-O O-O 10. h3 h6 11. Nbd4 Qd6 12. c3 Re8 13. Be3 Bc7 14. Re1 Ne4 15. Ne2 Qf6 16. Bd4 Qg6 17. Ng3 Bxg3 18.
fxg3 Qxg3 19. Kh1 Nc6 20. Bxe4 Rxe4 21. Rxe4 dxe4 22. Ng1 Be6 23. Ne2 Qh4 24. b3 Rd8 25. Qe1 Qxe1+ 26. Rxe1 g5 27. Kg1 f5 28. Kf2 f4 29. h4 e3+ 30. Kg1 Bg4 31. hxg5 hxg5 32.
Bf6 Rd6 33. Bxg5 Bxe2 34. Rxe2 Rd2 35. Kf1 Rd1+ 36. Re1 Rd2 37. Re2 Rd1+ 38. Re1 Rd2 39. Re2 1/2-1/2

[Event "Late-Titled-Tuesday-Blitz-July-09-2024"]
[Site "Chess.com"]
[Date "2024.07.09"]
[Round "8"]
[White "TOCANTINS_TO"]
[Black "Matalon"]
[Result "0-1"]
[WhiteElo "2045"]
[BlackElo "2465"]
[TimeControl "180+1"]
[EndTime "15:27:41 PDT"]
[Termination "Matalon won by resignation"]

1. e4 e5 2. Nf3 Nc6 3. Bc4 Bc5 4.
O-O Nf6 5. d3 d6 6. c3 a6 7. Bb3 Ba7 8. Re1 O-O 9. Nbd2 Ne7 10. Nf1 Ng6 11. Be3 Be6 12. Bxa7 Rxa7 13. d4 Ra8 14. dxe5 dxe5 15. Bxe6 fxe6 16. Qb3 Qd6 17. Rad1 Qc6 18. Ng3 a5 19. a4 Nd7 20. Rd2 Nc5 21. Qb5 Qxb5 22. axb5 a4 23. Red1 Kf7 24. h4 Kf6 25. h5 Nf4 26. Rd7 Nxd7 27. Rxd7 Rf7 28. Rxf7+ Kxf7 29. Nxe5+ Ke7 30. Nf1 Nxh5 31. Ne3 Nf6 32.
f3 a3 33. bxa3 Rxa3 34. N3c4 Rxc3 35. Kf2 Nd7 36. Nxd7 Kxd7 37. Ne5+ Ke7 38. Ke2 Rc5 39.
Nd3 Rxb5 40. g4 h5 41. gxh5 Rxh5 42. Ke3 Ra5 43. Nf4 g5 44. Nd3 Ra3 45. Kd4 Rxd3+ 46. Kxd3 Kd6 47. Kd4 e5+ 48. Kc4 c6 0-1

[Event "Late-Titled-Tuesday-Blitz-July-09-2024"]
[Site "Chess.com"]
[Date "2024.07.09"]
[Round "8"]
[White "WildTricks"]
[Black "MatthewG-p4p"]
[Result "1-0"]
[WhiteElo "2720"]
[BlackElo "2908"]
[TimeControl "180+1"]
[EndTime "15:27:42 PDT"]
[Termination "WildTricks won on time"]

1. e4 e6 2. d4 d5 3. Nd2 a6 4.
Ngf3 Nf6 5. e5 Nfd7 6. c3 c5 7. Bd3 Nc6 8. O-O g5 9. b3 g4 10.
Ne1 cxd4 11. cxd4 Nxd4 12. Qxg4 Nc6 13. Bb2 h5 14. Qe2 Nc5 15. f4 Bd7 16. Kh1 Qb6 17. Ndf3 h4 18. Ng5 Ne7 19. f5 Nxd3 20. Nxd3 Rg8 21.
Nxf7 Nxf5 22. Qh5 Qe3 23. Nh6+ Kd8 24. Nxg8 Qxd3 25. Rac1 Bc6 26. Qf7 h3 27. Rf2 hxg2+ 28. Rxg2 d4 29. Qxf8+ Kc7 30. Qxa8 Ne3 31. Ba3 Nxg2 32.
Bd6+ Kb6 33. Qd8+ Ka7 34. Bc5+ 1-0

[Event "Late-Titled-Tuesday-Blitz-July-09-2024"]
[Site "Chess.com"]
[Date "2024.07.09"]
[Round "8"]
[White "GoltsevDmitry2000"]
[Black "Noki102"]
[Result "1-0"]
[WhiteElo "2785"]
[BlackElo "2574"]
[TimeControl "180+1"]
[EndTime "15:27:42 PDT"]
[Termination "GoltsevDmitry2000 won on time"]

1. e4 e5 2. Nf3 Nc6 3. Bb5 a6 4. Ba4 g6 5. c3 Bg7 6. d4 exd4 7. Nxd4 Nge7 8. O-O O-O 9. Bg5 h6 10. Bh4 Qe8 11.
Bb3 Nxd4 12. cxd4 d5 13. Nc3 dxe4 14. Nxe4 g5 15. Bg3 Nf5 16. Re1 Qd8 17. Be5 Nxd4 18.
Bxg7 Kxg7 19. Rc1 Bf5 20. Nc3 c6 21. Re5 Bg6 22. Qg4 Nxb3 23. axb3 Re8 24. Rxe8 Qxe8 25. Qd4+ Kg8 26. Rd1 Qe6 27. Qb6 Re8 28. h3 Qe7 29. b4 Kh7 30. Rc1 Kg7 31. Na4 Be4 32. Re1 Qd6 33. Nc3 Qd2 34. Re2 Qc1+ 35. Kh2 Qf4+ 36. g3 Qf3 37. Qd4+ f6 38. Rxe4 Rxe4 39. Nxe4 1-0

[Event "Late-Titled-Tuesday-Blitz-July-09-2024"]
[Site "Chess.com"]
[Date "2024.07.09"]
[Round "8"]
[White "Djager97"]
[Black "ACollins05"]
[Result "1/2-1/2"]
[WhiteElo "2635"]
[BlackElo "2493"]
[TimeControl "180+1"]
[EndTime "15:27:43 PDT"]
[Termination "Game drawn - insufficient material"]

1. e4 e5 2. Nf3 Nc6 3. Nc3 Nf6 4. Bb5 Bb4 5. O-O O-O 6. d3 Bxc3 7. bxc3 d6 8. Bg5 Bg4 9. Re1 Ne7 10. d4 Ng6 11. h3 Bxf3 12. Qxf3 h6 13. Bd2 c6 14. Bf1 Re8 15. g3 d5 16. exd5 Qxd5 17. Qxd5 Nxd5 18. Bg2 Rad8 19. Rad1 Nf6 20. Bc1 exd4 21. Rxe8+ Nxe8 22. cxd4 Nc7 23. c4 b5 24. Bxc6 bxc4 25. d5 Ne7 26.
Rd4 Nxc6 27. Rxc4 Nxd5 28. Rxc6 Nb4 29. Rc7 a5 30. a3 Rd1+ 31. Kg2 Nd3 32. Be3 Ra1 33.
Rc8+ Kh7 34. Rc3 Ne5 35. Rc5 f6 36. Rxa5 Nc4 37. Ra7 Rxa3 38. Rxa3 Nxa3 39. Kf3 Kg6 40. Ke4 Nc4 41. g4 h5 42. f4 hxg4 43. hxg4 Kf7 44. f5 g6 45. fxg6+ Kxg6 46. Bd4 Nd6+ 47. Kd5 f5 48.
Kxd6 fxg4 49. Bf2 g3 50. Bxg3 1/2-1/2

[Event "Late-Titled-Tuesday-Blitz-July-09-2024"]
[Site "Chess.com"]
[Date "2024.07.09"]
[Round "8"]
[White "carokannlover213"]
[Black "bob1263"]
[Result "1-0"]
[WhiteElo "2709"]
[BlackElo "2527"]
[TimeControl "180+1"]
[EndTime "15:27:45 PDT"]
[Termination "carokannlover213 won on time"]

1. c4 Nf6 2. Nc3 e6 3. e4 d5 4. e5 Ne4 5. Nxe4 dxe4 6. Qg4 Nc6 7. Qxe4 Qd4 8. Qxd4 Nxd4 9. Bd3 Bd7 10. Ne2 Nxe2 11.
Kxe2 Bc6 12. f3 O-O-O 13. b3 Bc5 14. Bb2 Bd4 15. Bc3 Rd7 16. Rad1 Rhd8 17. Bc2 h6 18. h4 b6 19. h5 a5 20. Rh4 Bxc3 21.
dxc3 Rxd1 22. Bxd1 Be8 23. Bc2 Rd7 24. Rg4 f5 25. exf6 gxf6 26. Rg8 Rd8 27. g4 f5 28. g5 Bxh5 29. Rxd8+ Kxd8 30. gxh6 Bg6 31. f4 Ke7 32.
Ke3 c5 33. b4 Kf7 34. Ba4 Kg8 35. Bd7 Bf7 36. Kd3 Kh7 37. Kc2 Kxh6 38. Kb3 Kh5 39. Ka4 axb4 40. cxb4 cxb4 41. Kb5 Kg4 42. Kxb6 Kxf4 43.
c5 e5 44. c6 1-0

[Event "Late-Titled-Tuesday-Blitz-July-09-2024"]
[Site "Chess.com"]
[Date "2024.07.09"]
[Round "8"]
[White "ExchangeAB"]
[Black "Korchmar_Vasiliy"]
[Result "1-0"]
[WhiteElo "2475"]
[BlackElo "2599"]
[TimeControl "180+1"]
[EndTime "15:27:47 PDT"]
[Termination "ExchangeAB won on time"]

1. d4 d5 2. Nf3 Nf6 3. Bf4 c5 4. e3 Nc6 5. Nbd2 g6 6. c3 Bg7 7. dxc5 Nh5 8. Bg3 O-O 9. Nd4 e5 10. Nxc6 bxc6 11. b4 d4 12. Nc4 Nxg3 13. hxg3 Be6 14.
cxd4 exd4 15. e4 d3 16. Rc1 a5 17. bxa5 Rxa5 18. Qxd3 Qg5 19. Qe3 Qxe3+ 20. Nxe3 Rb8 21. Bc4 Rxc5 22. O-O Bxc4 23. Nxc4 Ra8 24. Ne3 Bd4 25. Rxc5 Bxc5 26. Rc1 Ra5 27. Rc2 Kf8 28. Kf1 Ke7 29. Ke2 h5 30. Nc4 Ra4 31. f3 Bd4 32. Nd2 Kd6 33.
Nb3 Bg7 34. Rd2+ Kc7 35. Rd7+ Kxd7 36. Nc5+ Kd6 37. Nxa4 c5 38. Nb6 g5 39. Kd3 Kc6 40.
Nc4 1-0

[Event "Late-Titled-Tuesday-Blitz-July-09-2024"]
[Site "Chess.com"]
[Date "2024.07.09"]
[Round "8"]
[White "toninhojit"]
[Black "schondeln"]
[Result "1-0"]
[WhiteElo "2494"]
[BlackElo "2354"]
[TimeControl "180+1"]
[EndTime "15:27:47 PDT"]
[Termination "toninhojit won on time"]

1. e4 d5 2. exd5 Qxd5 3. Nc3 Qa5 4. Bc4 Nf6 5. d3 Bg4 6. Ne2 c5 7. O-O Nc6 8. f3 Bd7 9. Bd2 e6 10. Ng3 Qc7 11. f4 a6 12. a4 Bd6 13. Nce4 Nxe4 14. dxe4 O-O 15. e5 Be7 16. c3 Na5 17. Bd3 c4 18. Be4 Nb3 19. Rb1 Bxa4 20. Be3 Nc5 21. Qg4 Nxe4 22. Nxe4 Bc2 23. Nf6+ Kh8 24. Bd4 Bc5 25.
Rbc1 Bd3 26. Rf3 gxf6 27. Qh4 Rg8 28. Qxf6+ Rg7 29. Rg3 Rg8 30. h4 Bxd4+ 31. cxd4 Qd7 32. h5 Qxd4+ 33. Kh2 h6 34. Qxh6+ Rh7 35. Qf6+ Rgg7 36. h6 1-0

[Event "Late-Titled-Tuesday-Blitz-July-09-2024"]
[Site "Chess.com"]
[Date "2024.07.09"]
[Round "8"]
[White "dodorox"]
[Black "NajdorfPlayerc5"]
[Result "0-1"]
[WhiteElo "2183"]
[BlackElo "2395"]
[TimeControl "180+1"]
[EndTime "15:27:47 PDT"]
[Termination "NajdorfPlayerc5 won on time"]

1. d4 Nf6 2. c4 e6 3. Nc3 Bb4 4. Bd2 O-O 5. e3 c5 6. a3 Bxc3 7. Bxc3 cxd4 8. exd4 d5 9. Nf3 Nc6 10. Bd3 dxc4 11. Bxc4 b6 12. O-O Bb7 13. Qe2 Nd5 14. Bd2 Rc8 15. Rad1 Nce7 16. Ba2 Ng6 17. Ne5 Ndf4 18.
Bxf4 Nxf4 19. Qg4 Nxg2 20. d5 Nh4 21. dxe6 Qf6 22. Nd7 Nf3+ 23. Kh1 Qh6 24. Qg2 Nxh2 25. Qxb7 Ng4+ 26. Kg2 Qh2+ 27. Kf3 fxe6+ 28. Nxf8 Rxf8+ 29. Ke2 Qe5+ 30. Kd2 Qxb2+ 31. Ke1 Qxa2 32. Qe4 Rf5 0-1